 Dungeon Crawl Stone Soup version 0.21-a0-225-g207ae17 (webtiles) character file.

2711 CakeIsGreat the Digger (level 9, -5/52 HPs)
             Began as a Gargoyle Earth Elementalist on Aug 30, 2017.
             Was a Follower of Vehumet.
             Slain by a wyvern (13 damage)
             ... on level 8 of the Dungeon.
             The game lasted 00:16:30 (8330 turns).

CakeIsGreat the Digger (GrEE)                       Turns: 8330, Time: 00:16:31

Health: -5/52      AC: 12    Str: 13    XL:     9   Next: 66%
Magic:  0/31       EV: 13    Int: 18    God:    Vehumet [*.....]
Gold:   424        SH:  0    Dex: 10    Spells: 2/18 levels left

rFire    . . .     SeeInvis .   t - staff of power
rCold    . . .     Gourm    .   (no shield)
rNeg     + + .     Faith    .   c - +0 robe
rPois    ∞         Spirit   .   v - +0 helmet
rElec    +         Reflect  .   (no cloak)
rCorr    .         Harm     .   l - +0 pair of gloves
MR       .....                  m - +1 pair of boots
Stlth    ++........             (no amulet)
HPRegen  0.17/turn              a - ring of positive energy
MPRegen  0.22/turn              F - ring of wizardry

@: no status effects
A: negative energy resistance 1, electricity resistance, unbreathing,
petrification resistance, rot immunity, AC +5
a: Renounce Religion


You were on level 8 of the Dungeon.
You worshipped Vehumet.
Vehumet was aware of your devotion.
You were very hungry.

You visited 2 branches of the dungeon, and saw 9 of its levels.

You collected 424 gold pieces.

Inventory:

Hand Weapons
 j - a +0 mace
 I - a +1 mace of holy wrath
Missiles
 b - 156 stones (quivered)
Armour
 c - a +0 robe (worn)
 l - a +0 pair of gloves (worn)
 m - a +1 pair of boots (worn)
 v - a +0 helmet (worn)
Magical Staves
 t - an uncursed staff of power (weapon)
Jewellery
 a - a ring of positive energy (left hand)
 w - an uncursed ring of protection from magic
 F - a ring of wizardry (right hand)
 G - an uncursed amulet of magic regeneration
Wands
 B - a wand of polymorph (5/24)
Scrolls
 f - 2 scrolls of noise {unknown}
 g - 3 scrolls of identify
 h - a scroll of magic mapping
 o - 5 scrolls of remove curse
 r - a scroll of amnesia {unknown}
 s - 3 scrolls of teleportation
 z - a scroll of immolation
Potions
 e - a potion of brilliance {unknown}
 i - a potion of haste
 k - a potion of agility
 n - 2 potions of might
 q - a potion of curing {unknown}
 x - a potion of berserk rage {unknown}
 A - a potion of magic {unknown}
 C - 3 potions of heal wounds
Books
 y - a book of Geomancy

   Spells                             Type                      Level
   a - Sandblast                      Earth                        1
   b - Passwall                       Transmutation/Earth          2
   c - Stone Arrow                    Conjuration/Earth            3
   d - Petrify                        Transmutation/Earth          4
   e - Lee's Rapid Deconstruction     Earth                        5
 E - a book of Flames

   Spells                             Type                      Level
   a - Flame Tongue                   Conjuration/Fire             1
   b - Throw Flame                    Conjuration/Fire             2
   c - Conjure Flame                  Conjuration/Fire             3
   d - Inner Flame                    Hexes/Fire                   3
   e - Sticky Flame                   Conjuration/Fire             4
   f - Fireball                       Conjuration/Fire             5
Comestibles
 d - 4 bread rations
 p - 5 royal jellies
 u - 2 meat rations


   Skills:
 + Level 3.7 Fighting
 + Level 3.3(3.9) Maces & Flails
 + Level 3.1(3.8) Staves
 + Level 3.7 Armour
 + Level 3.2 Dodging
 - Level 2.1 Stealth
 * Level 5.1 Spellcasting
 * Level 5.5 Conjurations
   Level 0.7 Transmutations
 * Level 4.4 Fire Magic
 * Level 7.0 Earth Magic


You had 2 spell levels left.
You knew the following spells:

 Your Spells              Type           Power        Failure   Level  Hunger
a - Sandblast             Erth           ####..       1%          1    None
b - Stone Arrow           Conj/Erth      ####..       1%          3    ##.....
c - Lee's Rapid Deconstr  Erth           ####......   9%          5    ######.
d - Conjure Flame         Conj/Fire      ###.....     1%          3    ##.....
e - Sticky Flame          Conj/Fire      ###.....     6%          4    ####...


Dungeon Overview and Level Annotations

Branches:
Dungeon (8/15)             Temple (1/1) D:7
   Lair: D:8-11

Altars:
Ashenzari
Cheibriados
Dithmenos
Elyvilon
Fedhas
Gozag
Hepliaklqana
Kikubaaqudgha
Makhleb
Nemelex Xobeh
Okawaru
Qazlal
Ru
Sif Muna
Trog
Uskayaw
Vehumet
Wu Jian
Xom
Yredelemnul
Zin
The Shining One

Shops:
D:7 [

Annotations:
D:8 Grum


Innate Abilities, Weirdness & Mutations

You are resistant to torment.
Your stone body is resilient. (AC +5)
You are immune to poison.
You resist negative energy. (rN+)
You are resistant to electric shocks. (rElec)
You can survive without breathing.
You are immune to petrification.
You are immune to rotting.


Message History

Confirm with . or Enter, or press ? or * to list all spells.
Aiming: Sandblast
Press: ? - help, Shift-Dir - straight line, f/p - wyvern
Aim: a wyvern (moderately wounded, covered in liquid flames)
The blast of sand hits the wyvern.
The wyvern is severely wounded.
b - 157 stones The wyvern burns!
The wyvern bites you!
* * * LOW HITPOINT WARNING * * *
Grum hits you but does no damage.
Casting: Sandblast
Confirm with . or Enter, or press ? or * to list all spells.
Aiming: Sandblast
Press: ? - help, Shift-Dir - straight line, f/p - wyvern
Aim: a wyvern (almost dead, covered in liquid flames)
The blast of sand misses the wyvern.
The blast of sand hits Grum.
Grum is moderately wounded.
b - 156 stones Grum is no longer unusually agile.
The wyvern burns!
The wyvern bites you!
You die...

###.####.#...........##.##...###<
.........#.###(.#######.#.....##.
##.#######.#....# .#......... #.#
#.#.##.# .###....##.. ##.#
#.#.##.# ## #......... ...#
#......# #.####..... ...#
##...### #. ###### ...#
#...####### # ##### ..##
#...gl@..># #....
...########...#####.# .# #....
###.##..............###.#####....
#.......>..........#...........
###.##...............#..##.#.....
..†#######...........#..##.#.....
..## #.....#####.#.....#..... #.#
#.....# #.#.......#### #.#
#.....# #.......#.#


You could see Grum and a wyvern (burning).

Vanquished Creatures
  Maurice (D:8)
  A hippogriff (D:7)
  2 orc warriors
  A phantom (D:6)
  An ice beast (D:8)
  2 centaurs
  4 wolves (D:8)
  3 bullfrogs
  A gnoll sergeant (D:7)
  2 scorpions (D:7)
  3 killer bees
  3 wights (D:3)
  A centaur zombie (D:8)
  A quasit (D:7)
  2 orc priests (D:4)
  A hound (D:7)
  A bullfrog skeleton (D:4)
  2 centaur skeletons
  9 orc wizards
  2 worker ants
  3 gnolls (D:7)
  7 adders
  A shadow imp (D:5)
  4 oozes
  2 adder zombies
  4 worms
  2 dart slugs (D:2)
  4 leopard geckos
  34 orcs
  4 ball pythons
  9 giant cockroaches
  6 hobgoblins
  4 jackals (D:1)
  5 kobolds
  3 quokkas
  8 bats
  4 frilled lizards
  6 goblins
  9 rats
162 creatures vanquished.

Notes
Turn   | Place    | Note
-------+----------+-------------------------------------------
     0 | D:1      | CakeIsGreat the Gargoyle Earth Elementalist began the quest for the Orb.
     0 | D:1      | Reached XP level 1. HP: 10/10 MP: 3/3
   119 | D:1      | Reached XP level 2. HP: 16/16 MP: 0/5
   624 | D:1      | Reached skill level 4 in Earth Magic
   777 | D:1      | Reached XP level 3. HP: 20/20 MP: 3/6
   782 | D:1      | Learned a level 3 spell: Stone Arrow
   827 | D:1      | Reached skill level 1 in Fighting
  1053 | D:2      | Reached skill level 1 in Armour
  1275 | D:2      | Reached XP level 4. HP: 23/25 MP: 4/8
  1315 | D:2      | Reached skill level 1 in Conjurations
  1837 | D:3      | Reached XP level 5. HP: 21/29 MP: 8/9
  1851 | D:3      | Learned a level 5 spell: Lee's Rapid Deconstruction
  1958 | D:3      | Reached skill level 1 in Maces & Flails
  1958 | D:3      | Reached XP level 6. HP: 30/35 MP: 10/10
  2921 | D:3      | You fall through a shaft for 2 floors!
  2921 | D:5      | Entered Level 5 of the Dungeon
  2922 | D:5      | Found a sacrificial altar of Ru.
  3162 | D:4      | Learned a level 3 spell: Conjure Flame
  3267 | D:4      | Reached skill level 5 in Earth Magic
  3607 | D:4      | Reached skill level 1 in Fire Magic
  3607 | D:4      | Reached XP level 7. HP: 40/40 MP: 12/12
  3701 | D:4      | Reached skill level 1 in Staves
  5670 | D:6      | Reached XP level 8. HP: 42/45 MP: 0/14
  6533 | D:7      | Found a staircase to the Ecumenical Temple.
  6711 | Temple   | Entered the Ecumenical Temple
  6955 | Temple   | Became a worshipper of Vehumet
  7028 | D:7      | Reached skill level 6 in Earth Magic
  7489 | D:7      | Found Keniweek's Armour Emporium.
  7551 | D:7      | Noticed a hippogriff
  7558 | D:7      | Killed a hippogriff
  7558 | D:7      | Reached XP level 9. HP: 51/51 MP: 9/16
  7634 | D:7      | Found a hide-covered altar of Uskayaw.
  7770 | D:8      | Noticed Maurice
  7929 | D:8      | Killed Maurice
  7929 | D:8      | Reached skill level 5 in Conjurations
  8094 | D:8      | Learned a level 4 spell: Sticky Flame
  8157 | D:8      | Reached skill level 5 in Spellcasting
  8286 | D:8      | Noticed Grum
  8289 | D:8      | Reached * piety under Vehumet
  8289 | D:8      | Offered knowledge of Magic Dart by Vehumet.
  8294 | D:8      | Reached skill level 7 in Earth Magic
  8330 | D:8      | Slain by a wyvern

Vault maps used:
D:1:      lemuel_arrival_lava_pool, nrook_mini_vaults, minivault_24
D:2:      minmay_misc_feat_pillars
D:5:      first_bread, dk_noncrumbling_3, nicolae_ru_sacrificial_ziggurat
D:7:      minmay_temple_entry_statues_fountains, serial_shops,
          nicolae_shop_waterfront, basic_altar
D:8:      serial_shops, nicolae_shop_trees, okawaru_trees_2, uniq_grum,
          uniq_maurice, uniq_erica
Temple:   nicolae_temple_the_god_donut

Skill      XL: |  1  2  3  4  5  6  7  8  9 |
---------------+----------------------------+-----
Earth Magic    | 4 5 6 7 |  7.0
Fighting       | 1 2 3 |  3.7
Armour         | 1 2 3 |  3.7
Conjurations   | 1 2 3 4 5 |  5.5
Spellcasting   | 3 4 5 |  5.1
Maces & Flails | 1 2 3 |  3.3
Dodging        | 2 3 |  3.2
Fire Magic     | 1 2 3 4 |  4.4
Staves         | 1 2 3 |  3.1
Stealth        | |  2.1
Transmutations | |  0.7

Action                   |  1- 3 |  4- 6 |  7- 9 || total
-------------------------+-------+-------+-------++-------
Melee: Unarmed           |     7 |       |       ||     7
       Mace              |    14 |       |       ||    14
       Staff             |       |     4 |   116 ||   120
 Cast: Sandblast         |    45 |    48 |    18 ||   111
       Stone Arrow       |       |    37 |   152 ||   189
       Conjure Flame     |       |       |     3 ||     3
       Sticky Flame      |       |       |     4 ||     4
  Use: Scroll            |     1 |       |    11 ||    12
       Potion            |       |       |     8 ||     8
  Eat: Chunk             |     2 |    10 |    23 ||    35
       Bread ration      |       |       |     1 ||     1
Armor: Robe              |     7 |     4 |    81 ||    92
Dodge: Dodged            |    23 |    16 |   107 ||   146

Table legend:
 A = Spawn XP
 B = Non-spawn XP
 C = Spawn XP percentage of total XP
 D = Spawn monster count
 E = Non-spawn monster count
 F = Spawn count percentage of total count
 G = Total turns spent on level
                    A         B        C        D         E        F      G
               +---------+---------+-------+---------+---------+-------+---------
         Total |      80 |    3793 |   2.1 |      21 |     141 |  13.0 |  8330
               +---------+---------+-------+---------+---------+-------+---------
           D:1 |       7 |      39 |  15.2 |       4 |      24 |  14.3 |   975
           D:2 |       4 |      99 |   3.9 |       2 |      25 |   7.4 |   745
           D:3 |      34 |     211 |  13.9 |      10 |      14 |  41.7 |  1422
           D:4 |       8 |     395 |   2.0 |       2 |      21 |   8.7 |  1129
           D:5 |      11 |     135 |   7.5 |       1 |       6 |  14.3 |   750
           D:6 |       3 |     417 |   0.7 |       1 |       9 |  10.0 |  1580
           D:7 |      13 |    1157 |   1.1 |       1 |      24 |   4.0 |  1048
           D:8 |       0 |    1340 |   0.0 |       0 |      18 |   0.0 |   430
               +---------+---------+-------+---------+---------+-------+---------
